Map: Inside and Out

Players

PattyMac

  • Race: Protoss Protoss
  • Spawn Location: 1:00

soO - Winner!

  • Race: Zerg Zerg
  • Spawn Location: 7:00

Event: DreamHack SC2 Masters 2022 Atlanta (Offline)

VOD

Have the link to the VOD?

Description

Time

  • Played on: Nov. 18, 2022, 1:48 p.m.
  • Length: 9:21

All games in this series

Show
View Real Time Build Order
Export as new Build Order

PattyMac Protoss 

Build Orders: 1 Gate Expand, Mass Adepts 

Get SALT Encoding   

  12  0:00  Probe  
  13  0:13  Probe  
  14  0:19  Pylon  
  14  0:25  Probe (Chrono Boost)  
  15  0:37  Probe (Chrono Boost)  
  15  0:40  Gateway  
  16  0:45  Probe (Chrono Boost)  
  17  0:50  Assimilator  
  17  0:52  Probe  
  18  1:04  Probe  
  19  1:16  Probe  
  20  1:25  Nexus  
  20  1:35  Cybernetics Core  
  20  1:38  Probe  
  21  1:43  Assimilator  
  21  1:50  Probe  
  21  1:52  Pylon  
  22  2:02  Probe (Chrono Boost)  
  23  2:09  Adept (Chrono Boost), Warp Gate (Chrono Boost)  
  23  2:15  Probe (Chrono Boost)  
  26  2:21  Gateway  
  26  2:22  Probe (Chrono Boost)  
  27  2:32  Stalker (Chrono Boost)  
  27  2:33  Probe  
  30  2:38  Probe  
  31  2:45  Probe  
  31  2:50  Probe  
  33  2:56  Gateway  
  33  2:57  Probe  
  34  3:02  Probe  
  34  3:05  Adept  
  37  3:09  Adept  
  37  3:12  Probe  
  40  3:15  Twilight Council, Probe  
  40  3:19  Pylon  
  41  3:24  Probe  
  42  3:27  Probe, Pylon  
  43  3:36  Probe  
  43  3:41  Probe  
  45  3:50  Resonating Glaives (Chrono Boost)  
  45  3:52  Adept x3  
  51  4:01  Nexus  
  51  4:02  Probe  
  52  4:04  Pylon  
  52  4:07  Probe  
  53  4:15  Probe  
  54  4:18  Pylon  
  54  4:19  Assimilator  
  54  4:26  Adept  
  54  4:27  Adept x2  
  54  4:28  Probe  
  54  4:30  Assimilator  
  59  4:33  Probe  
  60  4:40  Probe  
  60  4:45  Probe  
  62  4:48  Adept x3  
  62  4:50  Pylon  
  68  4:56  Probe  
  69  5:02  Probe, Stargate  
  69  5:03  Stargate  
  70  5:08  Adept x2  
  73  5:15  Dark Shrine  
  73  5:16  Probe (Chrono Boost)  
  73  5:17  Probe (Chrono Boost)  
  73  5:19  Probe (Chrono Boost)  
  75  5:24  Shield Battery  
  75  5:28  Probe (Chrono Boost)  
  77  5:29  Probe (Chrono Boost)  
  77  5:32  Probe (Chrono Boost)  
  72  5:44  Probe  
  72  5:46  Probe  
  72  5:48  Phoenix (Chrono Boost)  
  64  5:51  Probe  
  64  5:52  Adept x2  
  64  5:55  Phoenix (Chrono Boost)  
  64  5:56  Probe, Assimilator  
  66  5:58  Probe  
  66  6:00  Assimilator  
  66  6:01  Shield Battery  
  66  6:03  Probe  
  68  6:05  Pylon  
  68  6:07  Phoenix (Chrono Boost)  
  68  6:08  Probe  
  68  6:10  Adept, Probe  
  74  6:13  Phoenix  
  74  6:16  Probe  
  77  6:20  Probe  
  77  6:23  Probe  
  78  6:29  Dark Templar x2  
  79  6:33  Probe  
  79  6:35  Zealot  
  79  6:37  Phoenix  
  74  6:45  Phoenix  
  74  6:47  Probe  
  76  6:48  Probe  
  75  6:59  Adept  
  75  7:04  Adept  
  75  7:05  Adept  
  74  7:08  Probe  
  74  7:09  Probe x2  
  76  7:20  Probe  
  76  7:21  Probe x2  
  79  7:24  Nexus  
  79  7:26  Phoenix x2  
  83  7:32  Stalker  
  83  7:33  Probe x3 (Chrono Boost)  
  88  7:39  Pylon  
  88  7:43  Pylon  
  88  7:44  Probe x3 (Chrono Boost)  
  91  7:46  Zealot  
  91  7:48  Probe x2 (Chrono Boost)  
  93  7:57  Phoenix  
  93  7:58  Shield Battery  
  88  8:01  Adept  
  81  8:08  Probe (Chrono Boost)  
  76  8:13  Probe (Chrono Boost)  
  76  8:17  Probe (Chrono Boost)  
  76  8:18  Pylon  
  69  8:22  Probe (Chrono Boost)  
  69  8:24  Probe  
  69  8:25  Adept, Pylon  
  69  8:26  Phoenix x2  
  74  8:37  Probe x3  
  76  8:42  Adept  
  76  8:45  Zealot  
  76  8:47  Probe (Chrono Boost)  
  81  8:49  Probe (Chrono Boost)  
  81  8:54  Probe (Chrono Boost)  
  84  8:56  Probe (Chrono Boost)  
  84  8:58  Robotics Facility, Probe (Chrono Boost)  
  84  8:59  Probe (Chrono Boost)  
  87  9:02  Probe (Chrono Boost)  
  87  9:03  Probe (Chrono Boost)  
  87  9:04  Probe (Chrono Boost)  
  87  9:09  Shield Battery  
  90  9:17  Gateway  
Show
View Real Time Build Order
Export as new Build Order

soO Zerg - Winner!

Build Orders: Hatch First 

Get SALT Encoding   

  12  0:01  Drone  
  13  0:12  Overlord  
  13  0:17  Drone  
  14  0:30  Drone x2  
  16  0:42  Drone  
  17  0:51  Hatchery  
  17  0:53  Drone  
  18  0:57  Drone  
  18  1:08  Extractor  
  17  1:12  Spawning Pool  
  17  1:14  Drone  
  17  1:17  Drone  
  18  1:28  Drone  
  19  1:39  Drone  
  20  1:49  Drone  
  21  2:00  Zergling x2  
  22  2:02  Queen  
  22  2:03  Zergling x2, Queen  
  27  2:11  Metabolic Boost, Overlord  
  27  2:14  Drone  
  28  2:30  Drone x2  
  28  2:32  Drone  
  31  2:38  Hatchery  
  31  2:41  Queen  
  32  2:47  Overlord  
  32  2:48  Drone  
  33  2:52  Drone  
  33  2:55  Drone  
  35  3:03  Drone  
  35  3:06  Drone  
  35  3:08  Drone  
  35  3:10  Queen  
  35  3:11  Overlord  
  39  3:15  Drone x2  
  39  3:19  Drone x2  
  43  3:27  Overlord  
  43  3:30  Queen  
  43  3:33  Drone  
  46  3:39  Drone  
  47  3:41  Drone x2  
  47  3:43  Overlord  
  47  3:46  Drone  
  50  3:53  Queen, Drone, Roach Warren  
  52  3:58  Overlord  
  52  3:59  Drone  
  53  4:05  Zergling x8  
  57  4:10  Zergling x2  
  57  4:13  Zergling x4  
  60  4:18  Zergling x2  
  57  4:33  Zergling x12  
  57  4:38  Overlord  
  63  4:41  Roach  
  63  4:42  Roach x3  
  71  4:48  Extractor  
  71  4:51  Drone x3  
  71  4:52  Lair, Overlord  
  73  4:53  Overlord  
  73  4:56  Overlord  
  73  5:02  Roach x2  
  73  5:05  Drone x2  
  73  5:06  Drone x2  
  81  5:15  Drone x5  
  86  5:22  Roach x2  
  86  5:25  Overlord  
  88  5:35  Overlord  
  88  5:40  Zergling x18, Roach x2  
  88  5:42  Roach  
  95  5:46  Zergling x6  
  92  5:51  Drone x2  
  92  5:53  Drone  
  92  5:54  Glial Reconstitution  
  94  5:57  Drone  
  94  6:01  Overseer  
  95  6:07  Drone x5  
  95  6:08  Drone x2  
  95  6:10  Drone  
  103  6:11  Drone x2  
  103  6:13  Drone, Extractor  
  103  6:14  Drone  
  103  6:17  Extractor  
  105  6:20  Overlord  
  103  6:29  Roach x4  
  107  6:33  Drone  
  107  6:36  Drone, Extractor  
  107  6:37  Drone x5  
  107  6:38  Queen  
  107  6:39  Extractor  
  103  6:47  Queen  
  103  6:49  Spore Crawler  
  103  6:50  Spore Crawler  
  103  6:51  Spore Crawler  
  99  6:54  Zergling x10  
  99  6:59  Drone x3  
  105  7:07  Zergling x14  
  103  7:16  Drone x2  
  103  7:17  Queen, Drone  
  103  7:20  Spire  
  103  7:22  Spore Crawler  
  104  7:24  Drone x2  
  104  7:27  Spore Crawler  
  104  7:29  Drone x2  
  107  7:32  Drone  
  107  7:34  Spore Crawler  
  107  7:35  Drone x2  
  107  7:37  Overlord  
  107  7:42  Overlord  
  106  7:48  Overlord  
  106  7:49  Overlord  
  106  7:54  Overlord  
  99  8:07  Drone x2  
  99  8:12  Drone  
  95  8:23  Hatchery  
  91  8:30  Evolution Chamber  
  91  8:34  Corruptor x10  
  88  8:36  Zergling x20  
  88  8:37  Zergling x6  
  127  8:48  Baneling Nest, Roach x3  
  126  8:59  Roach x3  
  126  9:01  Drone  
  133  9:07  Overseer  
Tags
 
Add a new tag
Caveats
  • Supply blocks, unpowered buildings, or Contaminate may cause inaccurate times.
  • Supply counts are checked every 10 seconds.